 Dungeon Crawl Stone Soup version 0.22-a0-388-g09e6169 (webtiles) character file.

19 Kairos the Skirmisher (level 2, 15/16 HPs)
             Began as a Vine Stalker Fighter on Apr 29, 2018.
             Quit the game on level 1 of the Dungeon.
             The game lasted 00:00:46 (409 turns).

Kairos the Skirmisher (Vine Stalker Fighter)         Turns: 409, Time: 00:00:47

Health: 15/16      AC:  6    Str: 18    XL:     2   Next: 75%
Magic:  3/3        EV:  7    Int:  8    God:
Gold:   39         SH:  9    Dex: 13    Spells: 1/1 levels left

rFire    . . .     SeeInvis .   a - +0 war axe
rCold    . . .     Gourm    .   c - +0 shield
rNeg     . . .     Faith    .   b - +0 scale mail
rPois    .         Spirit   +   (no helmet)
rElec    .         Reflect  .   (no cloak)
rCorr    .         Harm     .   (no gloves)
MR       .....                  (no boots)
Stlth    ..........             (no amulet)
HPRegen  0.05/turn              (no ring)
MPRegen  0.08/turn              (no ring)

@: no status effects
A: fangs 2, magic shield, antimagic bite, no potion heal 3, rot immunity
a: no special abilities


You were on level 1 of the Dungeon.
You were not hungry.

You visited 1 branch of the dungeon, and saw 1 of its levels.

You collected 39 gold pieces.

Inventory:

Hand Weapons
 a - a +0 war axe (weapon)
Armour
 b - a +0 scale mail (worn)
 c - a +0 shield (worn)
Scrolls
 h - 2 scrolls of magic mapping
Potions
 d - a potion of might
Comestibles
 f - 2 rations


   Skills:
 + Level 3.0 Fighting
 + Level 2.0 Axes
 + Level 2.7 Armour
 + Level 2.9 Shields


You had one spell level left.
You didn't know any spells.

Dungeon Overview and Level Annotations

Branches:
Dungeon (1/15)

Altars:


Innate Abilities, Weirdness & Mutations

You have extremely sharp teeth.
When hurt, damage is shared between your health and your magic reserves.
Your bite disrupts and absorbs the magic of your enemies.
Potions cannot restore your health.
You are immune to rotting.


Message History

Done exploring.
No target in view!
Done exploring.
No target in view!
Done exploring.
No target in view!
Done exploring.
No target in view!
As you read the scroll labeled HOGUNU SEALIWK, it crumbles to dust.
It is a scroll of identify.
h - 2 scrolls of magic mapping
Okay, then.
Unknown command.
It was a potion of ambrosia.
You are confused.
Your system rejects the healing.
You feel invigorated.
You start resting.
You feel less invigorated.
You feel less confused.
Are you sure you want to abandon this character and quit the game? (Confirm with "yes".)

#.......†.#####..(............
#.......#..)..#.......#.......
#...[...#####.........#.#####.
########## ###.......#.# #.
#....# ###.>.......# #. #....#
#..........## ### #....#
#.#.......## ###.. #....#
##.#.......# ##.... #....#
#.@##.###.## #..... ###.###
#.###.##..# ##..... ##...#
#.##..##.####÷..... ####..###
#.##.###.# #..##### #....##
##.##.# #.###.## # #...##
#..##.# #...#.#
#...########.###.#####...######
#..............................
#...#####....###(#####..##.####


There were no monsters in sight!

Vanquished Creatures
  A leopard gecko (D:1)
  3 giant cockroaches (D:1)
  2 hobgoblins (D:1)
  2 kobolds (D:1)
  A bat (D:1)
  4 goblins (D:1)
  4 rats (D:1)
17 creatures vanquished.

Notes
Turn   | Place    | Note
-------+----------+-------------------------------------------
     0 | D:1      | Kairos the Vine Stalker Fighter began the quest for the Orb.
     0 | D:1      | Reached XP level 1. HP: 11/11 MP: 2/2
   139 | D:1      | Reached XP level 2. HP: 15/16 MP: 3/3
   208 | D:1      | Reached skill level 3 in Fighting
   409 | D:1      | Quit the game

Vault maps used:
D:1:      onia_arrival_larder

Skill      XL: |  1  2 |
---------------+-------+-----
Axes           | 2 |  2.0
Fighting       | 3 |  3.0
Armour         | |  2.7
Shields        | |  2.9

Action                   || total
-------------------------++-------
Melee: War axe           ||    36
       Bite              ||     8
  Use: Scroll            ||     1
       Potion            ||     1
Armor: Scale mail        ||    11
Dodge: Dodged            ||    15
Block: Shield            ||    15

Table legend:
 A = Spawn XP
 B = Non-spawn XP
 C = Spawn XP percentage of total XP
 D = Spawn monster count
 E = Non-spawn monster count
 F = Spawn count percentage of total count
 G = Total turns spent on level
                    A         B        C        D         E        F      G
               +---------+---------+-------+---------+---------+-------+---------
         Total |       0 |      28 |   0.0 |       0 |      17 |   0.0 |   409
               +---------+---------+-------+---------+---------+-------+---------
           D:1 |       0 |      28 |   0.0 |       0 |      17 |   0.0 |   409
               +---------+---------+-------+---------+---------+-------+---------
